 Dungeon Sprint DCSS version 0.21.1-1-g345015f (webtiles) character file.

5200000 Fang the Axe Maniac (level 27, -1/273 HPs)
             Began as a Minotaur Gladiator on May 4, 2018.
             Was the Champion of Makhleb.
             Slain by a sculptor of flesh
             ... wielding a +9 great sword
              (235 damage)
             ... in the Dungeon (Sprint VIII: "Arena of Blood").
             The game lasted 00:00:38 (52 turns).

Fang the Axe Maniac (Minotaur Gladiator)              Turns: 52, Time: 00:00:39

Health: -1/273     AC:  6    Str: 30    XL:     27
Magic:  24/53      EV: 31    Int:  5    God:    Makhleb [******]
Gold:   0          SH:  0    Dex: 14    Spells: 80/80 levels left

rFire    . . .     SeeInvis .   l - +∞ Axe of Woe
rCold    . . .     Gourm    .   (shield currently unavailable)
rNeg     . . .     Faith    .   b - +0 leather armour
rPois    .         Spirit   .   c - +0 hat
rElec    .         Reflect  .   (no cloak)
rCorr    .         Harm     .   (no gloves)
MR       ++...     NoTele   +   (no boots)
Stlth    +++++++++.             (no amulet)
HPRegen  0.55/turn              (no ring)
MPRegen  0.33/turn              (no ring)

@: no status effects
A: retaliatory headbutt, horns 2
a: Minor Destruction, Lesser Servant of Makhleb, Major Destruction, Greater
Servant of Makhleb, Renounce Religion


You were in the Dungeon.
You worshipped Makhleb.
Makhleb was exalted by your worship.
You were not hungry.

You visited 1 branch

Inventory:

Hand Weapons
 a - a +0 war axe
 l - the +∞ Axe of Woe (weapon)
   (You found it in the Dungeon)
Missiles
 d - 3 throwing nets (quivered)
Armour
 b - a +0 leather armour (worn)
 c - a +0 hat (worn)
Scrolls
 k - a scroll of blinking
Potions
 e - a potion of curing
 g - a potion of heal wounds
 h - a potion of haste
 i - 2 potions of magic
 j - a potion of berserk rage
Comestibles
 f - a ration


   Skills:
 O Level 27 Fighting
 O Level 27 Axes
 O Level 27 Throwing
 O Level 27 Armour
 O Level 27 Dodging
 O Level 27 Stealth
 O Level 27 Unarmed Combat
 O Level 27 Spellcasting
 O Level 27 Invocations


You had 80 spell levels left.
You didn't know any spells.

Dungeon Overview and Level Annotations

Branches:
Dungeon (1/1)

Altars:
Makhleb


Innate Abilities, Weirdness & Mutations

You reflexively headbutt those who attack you in melee.
You have a pair of horns on your head.


Message History

The destroyer blinks!
You hear a shout!
The accursed casts a spell at you. Something smites you!
An orc and 3 crawling corpses come into view.
An orc, a large abomination, a greater mummy and a skeletal warrior come into view.
The bag of meat shouts!
You hear a shout! x2
The small abomination barely misses you.
You furiously retaliate!
You headbutt the small abomination!
The accursed points at you and mumbles some strange words.
Something smites you!
You hear a shout!
The accursed gestures at you while chanting.
Something smites you!
You hear a shout!
The destroyer blinks!
You hear a shout! x2
The sculptor of flesh hits you with a +9 great sword!!!!!
Ouch! That really hurt!
You die...

#..o .# #M.. #...
..# ....###...
..###.
....X....###......
.#...z.§.._......
.%.§.MV#...§.#
......o#V)<._#
.....xO#))x..#...
#..ooz@))xx.....
.o..M§x))###...o..
...o###§... ..###.
..z #.......# .
#.......#
.........
....%.....
..........


You could see 3 accurseds, 2 destroyers, 3 sculptors of flesh, a large
abomination (wandering), a meat berserker (berserk), 2 small abominations, 5
bags of meat and 3 crawling corpses.

Vanquished Creatures
  10 vampire knights (D)
  13 ogres (D)
  3 two-headed ogres (D)
  29 orcs (D)
  A skeletal warrior (D)
  2 small abominations (D)
  2 large abominations (D)
  A crawling corpse (D)
61 creatures vanquished.

Vanquished Creatures (others)
  A crawling corpse (D)
1 creature vanquished.

Grand Total: 62 creatures vanquished

Notes
Turn   | Place    | Note
-------+----------+-------------------------------------------
     0 | D        | Found the +∞ Axe of Woe
     0 | D        | Fang the Minotaur Gladiator began the quest for the Orb.
     0 | D        | Reached XP level 1. HP: 18/18 MP: 0/0
     3 | D        | Noticed a bag of meat
     4 | D        | Became a worshipper of Makhleb the Destroyer
     5 | D        | Noticed a bag of meat
     5 | D        | Noticed a bag of meat
     6 | D        | Noticed a meat berserker
     7 | D        | Noticed a bag of meat
     7 | D        | Killed a bag of meat
     7 | D        | Reached skill level 10 in Throwing
     7 | D        | Reached XP level 2. HP: 41/41 MP: 1/1
     7 | D        | Reached XP level 3. HP: 48/48 MP: 2/2
     7 | D        | Reached XP level 4. HP: 56/56 MP: 3/3
     7 | D        | Reached XP level 5. HP: 62/62 MP: 4/4
     7 | D        | Reached XP level 6. HP: 70/70 MP: 5/5
     7 | D        | Reached XP level 7. HP: 77/77 MP: 6/6
     7 | D        | Reached XP level 8. HP: 83/83 MP: 7/7
     7 | D        | Reached XP level 9. HP: 90/90 MP: 8/8
     7 | D        | Reached XP level 10. HP: 97/97 MP: 9/9
     7 | D        | Reached XP level 11. HP: 104/104 MP: 10/10
     8 | D        | Noticed a meat berserker
     9 | D        | Killed a meat berserker
     9 | D        | Reached * piety under Makhleb
     9 | D        | Reached skill level 15 in Fighting
     9 | D        | Reached XP level 12. HP: 119/119 MP: 11/11
     9 | D        | Reached XP level 13. HP: 126/126 MP: 12/12
    10 | D        | Noticed a meat berserker
    10 | D        | Killed a bag of meat
    10 | D        | Reached XP level 14. HP: 136/136 MP: 13/13
    11 | D        | Noticed a bag of meat
    11 | D        | Noticed a bag of meat
    12 | D        | Noticed a bag of meat
    12 | D        | Killed a bag of meat
    12 | D        | Reached skill level 27 in Axes
    13 | D        | Killed a bag of meat
    13 | D        | Reached ** piety under Makhleb
    13 | D        | Reached skill level 5 in Armour
    13 | D        | Reached skill level 27 in Dodging
    13 | D        | Reached XP level 15. HP: 154/154 MP: 14/14
    13 | D        | Killed a meat berserker
    13 | D        | Reached skill level 10 in Armour
    13 | D        | Reached XP level 16. HP: 180/180 MP: 15/15
    15 | D        | Noticed a meat berserker
    15 | D        | Killed a meat berserker
    15 | D        | Reached *** piety under Makhleb
    15 | D        | Reached skill level 27 in Fighting
    17 | D        | Reached skill level 27 in Throwing
    17 | D        | Reached XP level 17. HP: 191/191 MP: 16/16
    19 | D        | Killed a meat berserker
    19 | D        | Reached **** piety under Makhleb
    19 | D        | Reached skill level 27 in Armour
    19 | D        | Reached XP level 18. HP: 200/200 MP: 17/17
    20 | D        | Noticed a meat berserker
    20 | D        | Noticed a meat berserker
    21 | D        | Reached skill level 15 in Unarmed Combat
    21 | D        | Reached skill level 10 in Spellcasting
    22 | D        | Noticed a large bag of meat
    23 | D        | Noticed a destroyer
    23 | D        | Killed a large bag of meat
    23 | D        | Reached ***** piety under Makhleb
    23 | D        | Reached skill level 15 in Stealth
    23 | D        | Reached XP level 19. HP: 207/207 MP: 17/34
    24 | D        | Noticed a meat berserker
    24 | D        | Killed a meat berserker
    25 | D        | Noticed a large bag of meat
    25 | D        | Killed a meat berserker
    25 | D        | Reached skill level 15 in Spellcasting
    26 | D        | Reached XP level 20. HP: 216/216 MP: 18/39
    28 | D        | Noticed a destroyer
    28 | D        | Killed a destroyer
    28 | D        | Reached skill level 27 in Unarmed Combat
    29 | D        | Noticed a destroyer
    29 | D        | Noticed a large bag of meat
    29 | D        | Reached ****** piety under Makhleb
    29 | D        | Reached XP level 21. HP: 224/224 MP: 18/44
    30 | D        | Killed a destroyer
    30 | D        | Reached skill level 27 in Stealth
    30 | D        | Reached skill level 27 in Invocations
    31 | D        | Reached skill level 27 in Spellcasting
    31 | D        | Reached XP level 22. HP: 233/233 MP: 19/52
    32 | D        | Killed a large bag of meat
    33 | D        | Noticed a destroyer
    33 | D        | Killed a large bag of meat
    33 | D        | Reached XP level 23. HP: 240/240 MP: 19/53
    35 | D        | Killed a destroyer
    39 | D        | Noticed a destroyer
    39 | D        | Killed a destroyer
    39 | D        | Reached XP level 24. HP: 102/249 MP: 21/53
    43 | D        | Noticed a destroyer
    43 | D        | Noticed a destroyer
    43 | D        | Noticed a destroyer
    44 | D        | Noticed a destroyer
    44 | D        | Reached XP level 25. HP: 249/257 MP: 22/53
    44 | D        | Killed a destroyer
    45 | D        | Noticed a destroyer
    45 | D        | Noticed a destroyer
    45 | D        | Killed a destroyer
    46 | D        | Noticed a destroyer
    46 | D        | Killed a destroyer
    46 | D        | Reached XP level 26. HP: 266/266 MP: 22/53
    47 | D        | Noticed an accursed
    48 | D        | Noticed an accursed
    49 | D        | Killed a destroyer
    49 | D        | Reached XP level 27. HP: 273/273 MP: 23/53
    49 | D        | Killed a destroyer
    50 | D        | Killed a destroyer
    52 | D        | Noticed an accursed
    52 | D        | Slain by a sculptor of flesh

Skill      XL: |  1  2  3  4  5  6  7  8  9 10 11 12 13 14 15 16 17 18 19 20 21 |
---------------+----------------------------------------------------------------+-----
Fighting       | 12 15 19 26 27 | 27.0
Axes           | 20 25 26 27 | 27.0
Throwing       | 10 12 13 16 21 27 | 27.0
Dodging        | 19 23 24 27 | 27.0
Armour         | 5 10 17 27 | 27.0
Stealth        | 15 21 24 27 | 27.0
Unarmed Combat | 18 24 27 | 27.0
Spellcasting   | 12 16 20 27 | 27.0
Invocations    | 16 22 26 27 | 27.0

Action                   |  1- 3 |  4- 6 |  7- 9 | 10-12 | 13-15 | 16-18 | 19-21 | 22-24 | 25-27 || total
-------------------------+-------+-------+-------+-------+-------+-------+-------+-------+-------++-------
Melee: Executioner's axe |     1 |       |       |     1 |     3 |     7 |     8 |     9 |     7 ||    36
Dodge: Dodged            |       |       |       |       |       |       |       |       |     1 ||     1
